 Dungeon Crawl Stone Soup version 0.24-a0-445-gd5110b0 (webtiles) character file.

Game seed: 1419881208637900884

28 pikmin25 the Caller (level 2, 0/15 HPs)
             Began as a Deep Elf Summoner on June 23, 2019.
             Shot with a stone by a goblin (6 damage)
             ... led by Robin
             ... on level 2 of the Dungeon.
             The game lasted 00:04:55 (1215 turns).

pikmin25 the Caller (Deep Elf Summoner)             Turns: 1215, Time: 00:04:56

Health: 0/15       AC:  2    Str:  5    XL:     2   Next: 96%
Magic:  2/9        EV: 13    Int: 19    God:
Gold:   0          SH:  0    Dex: 15    Spells: 6/9 levels left

rFire    x x .     SeeInvis .   (no weapon)
rCold    + + .     Gourm    .   (no shield)
rNeg     . . .     Faith    .   a - +0 robe
rPois    .         Spirit   .   (no helmet)
rElec    .         Reflect  .   (no cloak)
rCorr    .         Harm     .   (no gloves)
MR       .....                  (no boots)
Stlth    ++........             (no amulet)
HPRegen  0.05/turn              h - ring of ice
MPRegen  0.11/turn              m - ring of ice

@: no status effects
A: no striking features
a: no special abilities


You were on level 2 of the Dungeon.
You were not hungry.

You visited 1 branch of the dungeon, and saw 2 of its levels.

Inventory:

Armour
 a - a +0 robe (worn)
Jewellery
 h - a ring of ice (left hand)
 m - a ring of ice (right hand)
Scrolls
 d - 2 scrolls of remove curse {unknown}
 f - a scroll of fog {unknown}
 k - a scroll of amnesia {unknown}
 n - a scroll of random uselessness {unknown}
Potions
 b - 2 potions of heal wounds {unknown}
 e - a potion of lignification {unknown}
 g - a potion of resistance {unknown}
 i - a potion of agility {unknown}
 j - a potion of might {unknown}
 l - a potion of berserk rage {unknown}
Comestibles
 c - a ration


   Skills:
 + Level 2.6 Dodging
 + Level 2.4 Stealth
 + Level 4.1 Spellcasting
 + Level 4.8 Summonings


You had 6 spell levels left.
You knew the following spells:

 Your Spells              Type           Power        Failure   Level  Hunger
a - Summon Small Mammal   Summ           ###.         1%          1    None
b - Call Imp              Summ           ###.....     2%          2    ##.....

Your spell library contained the following spells:

 Spells                   Type           Power        Failure   Level  Hunger
 Call Canine Familiar     Summ           ###.....     5%          3    ###....
 Summon Guardian Golem    Hex/Summ       ##......     16%         3    ###....
 Summon Ice Beast         Ice/Summ       ####....     45%         4    ####...
 Summon Lightning Spire   Summ/Air       ##......     45%         4    ####...


Dungeon Overview and Level Annotations

Branches:
Dungeon (2/15)

Altars:


Message History

You swap places.
The goblin wields a +0 hunting sling.
The goblin shoots a stone.
The stone barely misses your white imp. The stone hits you but does no damage.
A hobgoblin comes into view.
You see here a stone.
Your white imp disappears in a puff of smoke!
You see here a stone.
Casting: Call Imp (safe; 2% risk of failure)
Confirm with . or Enter, or press ? or * to list all spells.
A beastly little devil appears in a puff of flame.
The hobgoblin shouts!
The goblin shoots a stone.
The stone barely misses you.
Casting: Call Imp (safe; 2% risk of failure)
Confirm with . or Enter, or press ? or * to list all spells.
A beastly little devil appears in a puff of frigid air.
The goblin shoots a stone.
The stone hits you.
The goblin shoots a stone.
The stone closely misses your crimson imp.
The stone hits you.
You die...

.# .# ## #############... #
..)....<........ #
#g##########g####... ######
#.#..g................
.........##.####5(..###.....####
..........?.....(5)..g..........
............#.##@(†)........####
######$.... #.##.(.5.....####
.... #.######.......gggg. #####
..# #.######....######## ....# .
. #............. ###.#
....#.###.......... .<#.#
..............####. ###r#
....#.##.###### #.# #...#.##.#


You could see a hobgoblin, a goblin, 2 friendly crimson imps and a friendly
white imp.

Vanquished Creatures (collateral kills)
  Robin (D:2)
  An ooze (D:2)
  2 leopard geckos (D:1)
  2 giant cockroaches (D:1)
  8 goblins
  3 hobgoblins
  3 kobolds
  4 bats
  A frilled lizard (D:2)
  3 rats
28 creatures vanquished.

Notes
Turn   | Place    | Note
-------+----------+-------------------------------------------
     0 | D:1      | pikmin25 the Deep Elf Summoner began the quest for the Orb.
     0 | D:1      | Reached XP level 1. HP: 10/10 MP: 6/6
   379 | D:1      | Reached XP level 2. HP: 15/15 MP: 2/8
   819 | D:2      | Noticed Robin
   937 | D:2      | Learned a level 2 spell: Call Imp
  1205 | D:2      | Killed Robin
  1215 | D:2      | Shot with a stone by a goblin

Levels and vault maps discovered:
D:1:      eino_arrival_water_star, layout_loops_ring
D:2:      layout_basic, uniq_robin

Skill      XL: |  1  2 |
---------------+-------+-----
Spellcasting   | 4 |  4.1
Dodging        | |  2.6
Stealth        | |  2.4
Summonings     | |  4.8

Action                   || total
-------------------------++-------
Melee: Unarmed           ||    22
 Cast: Summon Small Mamm ||    46
       Call Imp          ||    10
 Stab: Sleeping          ||     1
  Eat: Chunk             ||     1
Armor: Robe              ||     7
Dodge: Dodged            ||    58

Table legend:
 A = Non-vault XP
 B = Vault XP
 C = Vault XP percentage of total XP
 D = Non-vault monster count
 E = Vault monster count
 F = Vault count percentage of total count
                 A         B        C        D         E       F
            +---------+---------+-------+---------+---------+-------
      Total |      27 |      13 |  32.5 |      22 |       6 |  21.4
            +---------+---------+-------+---------+---------+-------
        D:1 |      15 |       1 |   6.2 |      13 |       1 |   7.1
        D:2 |      12 |      12 |  50.0 |       9 |       5 |  35.7
            +---------+---------+-------+---------+---------+-------
